 Dungeon Crawl Stone Soup version 0.19.4-9-g45fd643 (webtiles) character file.

28634 Kosschaser the Unseen (level 13, -17/64 HPs)
             Began as a Vine Stalker Assassin on Feb 20, 2017.
             Was a High Priest of Dithmenos.
             Demolished by a sun demon (18 damage)
             ... summoned by an orc high priest
             ... on level 2 of the Orcish Mines on Feb 21, 2017.
             The game lasted 01:45:49 (13950 turns).

Kosschaser the Unseen (Vine Stalker Assassin)      Turns: 13950, Time: 01:45:50

Health: -17/64     AC: 10    Str: 16    XL:     13   Next: 40%
Magic:  0/33       EV: 15    Int: 11    God:    Dithmenos [*****.]
Gold:   140        SH:  0    Dex: 19    Spells: 2 memorised, 20 levels left

rFire  . . .     SeeInvis .     S - +7 dagger (distort)
rCold  . . .     Gourm    .     P - +0 troll leather armour
rNeg   . . .     Faith    .     (no shield)
rPois  .         Spirit   +     x - +0 helmet
rElec  +         Reflect  .     A - +1 cloak
rCorr  +         Harm     .     Z - +0 pair of gloves
MR     ++...                    O - +0 pair of boots
Stlth  ++++++++++               (no amulet)
                                o - ring of Mutualism {rCorr *Contam +Blink rElec MP+9}
                                Q - ring of protection from magic

@: wreathed by umbra
A: fangs 3, talons 1, regeneration 2, magic shield, antimagic bite, no device
heal 3, rot immunity
a: Shadow Step, Shadow Form, Renounce Religion, Evoke Blink


You were on level 2 of the Orcish Mines.
You worshipped Dithmenos.
Dithmenos was extremely pleased with you.
You were not hungry.

You visited 4 branches of the dungeon, and saw 16 of its levels.
You also visited: Bailey.

You collected 1233 gold pieces.
You spent 1093 gold pieces at shops.

Inventory:

Hand Weapons
 b - a +0 blowgun
 d - a +0 short sword of venom
 C - a +1 rapier of protection
 S - a +7 dagger of distortion (weapon)
Missiles
 e - 46 poisoned needles
 f - 19 curare-tipped needles
 T - 2 needles of sleeping
 W - 26 tomahawks (quivered)
Armour
 x - a +0 helmet (worn)
 A - a +1 cloak (worn)
 E - a +2 leather armour of poison resistance
 H - a +2 robe of fire resistance
 O - a +0 pair of boots (worn)
 P - a +0 troll leather armour (worn)
 Z - a +0 pair of gloves (worn)
Jewellery
 a - an uncursed ring of see invisible
 l - an uncursed ring of stealth
 o - the ring of Mutualism (right hand) {rCorr *Contam +Blink rElec MP+9}
   (You acquired it on level 1 of the Orcish Mines)

   [ring of resist corrosion]

   It insulates you from electricity.
   It affects your magic capacity (+9).
   It lets you blink.
   It causes magical contamination when unequipped.
 N - an uncursed ring of protection from cold
 Q - a ring of protection from magic (left hand)
Wands
 G - a wand of iceblast (6/15)
 M - a wand of acid (6/15)
 R - a wand of iceblast (6/15)
 X - a wand of digging (1/24)
Scrolls
 h - 6 scrolls of remove curse
 u - 2 scrolls of fog
 y - 4 scrolls of recharging
 B - a scroll of summoning
 D - 3 scrolls of silence
 F - 2 scrolls of amnesia
 K - 5 scrolls of teleportation
Potions
 c - 3 potions of invisibility
 i - a potion of brilliance {unknown}
 j - a potion of flight
 k - 2 potions of mutation {unknown}
 m - 2 potions of lignification
 p - 5 potions of agility
 q - 2 potions of ambrosia {unknown}
 s - 3 potions of berserk rage {unknown}
 v - 9 potions of curing {unknown}
 z - 2 potions of might {unknown}
 U - a potion of cancellation {unknown}
 V - 2 potions of resistance {unknown}
Books
 L - a book of Maledictions

   Spells                             Type                      Level
   a - Corona                         Hexes                        1
   b - Ensorcelled Hibernation        Hexes/Ice                    2
   c - Confuse                        Hexes                        3
   d - Tukima's Dance                 Hexes                        3
   e - Dazzling Spray                 Conjuration/Hexes            3
Miscellaneous
 Y - a fan of gales
Comestibles
 g - 11 bread rations
 n - 16 fruits
 r - a chunk of flesh
 t - 4 beef jerkies
 w - 5 meat rations


   Skills:
 + Level 5.5 Fighting
 + Level 7.6 Short Blades
 + Level 2.0 Throwing
 + Level 3.1 Armour
 + Level 5.4 Dodging
 * Level 18.5 Stealth
 + Level 6.7 Spellcasting
 + Level 6.8 Hexes
 + Level 5.2 Ice Magic
 + Level 0.2 Invocations
 + Level 0.1 Evocations


You had 20 spell levels left.
You knew the following spells:

 Your Spells              Type           Power        Failure   Level  Hunger
a - Ensorcelled Hibernat  Hex/Ice        ###...       2%          2    ##.....
b - Confuse               Hex            ###.....     4%          3    ###....


Dungeon Overview and Level Annotations

Branches:
Dungeon (12/15)            Temple (1/1) D:5            Lair (1/6) D:10
    Orc (2/2) D:11            Elf (0/3) Orc:2

Altars:
Ashenzari
Cheibriados
Dithmenos
Elyvilon
Fedhas
Gozag
Hepliaklqana
Nemelex Xobeh
Okawaru
Qazlal
Ru
Sif Muna
Trog
Vehumet
Yredelemnul
Zin
The Shining One
Beogh

Shops:
D:8 }   D:11 (   Orc:1 ?   Orc:2 ([?[

Annotations:
D:8 tof's ghost, novice DDEE
D:10 Fannar


Innate Abilities, Weirdness & Mutations

You have razor-sharp teeth.
You heal very quickly.
When hurt, damage is shared between your health and your magic reserves.
Your bite disrupts and absorbs the magic of your enemies.
Potions and wands cannot restore your health.
You are immune to rotting.
You have sharp toenails.


Message History

The orange demon misses you. The sun demon hits you!!
* * * LOW HITPOINT WARNING * * *
You are engulfed in flames!
* * * LOW HITPOINT WARNING * * *
Things that are here:
a scimitar; a shiny plate armour You see here a dagger.
Things that are here:
a glaive; a plate armour The sun demon hits you.
* * * LOW HITPOINT WARNING * * *
You are engulfed in flames!
* * * LOW HITPOINT WARNING * * *
You see here a silver tomahawk.
As you read the scroll of fog, it crumbles to dust.
The scroll dissolves into smoke.
The sun demon hits you.
* * * LOW HITPOINT WARNING * * *
You are engulfed in flames!!
You die...

.#..# #..#....#)..#.#.[..#..##.#
##..#######..).##)##)#....######.
###..##...#.....)))).#....#...###
###.#...#.##'###)###'##.#...# #
####'##.#...##)##...#.##'#*
#....#...##)##...#....#
###########)########### ###*
#####§§§§)....##### ...#*
###.[o.43@8§8.......### #
....####...)).4§§§§..........####
.....##......##..§§...##......##.
...........###..)......###.......
.∩.......###.....8.8.....###..o..
.......###.................###.oo
.....####................)..####.
....####........#...#....)...####
...#*##.....)..##8.8##........###


You could see an orc high priest, a sun demon, an orange demon and a chaos
spawn.

Vanquished Creatures
  2 orc warlords (Orc:2)
  Josephine (Orc:2)
  3 orc high priests (Orc:2)
  Sonja (D:10)
  An unseen horror (D:12)
  3 hill giants
  6 orc knights
  3 orc sorcerers (Orc:2)
  2 manticores
  3 spiny frogs
  A komodo dragon (Lair:1)
  5 trolls
  3 hippogriffs
  A spriggan (D:8)
  2 wyverns
  6 yaks
  Eustachio (D:6)
  2 basilisks
  4 wraiths
  2 hungry ghosts (D:12)
  Edmund (D:6)
  A warg (Orc:2)
  A water moccasin (D:8)
  A porcupine (Lair:1)
  38 orc warriors
  2 sky beasts
  2 phantoms
  2 ice beasts
  12 ogres
  4 centaurs
  A crocodile (Lair:1)
  2 big kobolds
  5 bullfrogs
  2 wyvern skeletons
  2 water moccasin skeletons
  2 scorpions
  5 killer bees
  An electric eel (D:11)
  2 howler monkeys
  7 wights
  A centaur zombie (D:10)
  5 crimson imps
  4 bullfrog zombies
  A quasit (D:9)
  A jelly (D:11)
  31 orc priests
  20 orc wizards
  5 bullfrog skeletons
  A centaur skeleton (D:8)
  8 hounds
  Crazy Yiuf (D:5)
  3 iguanas
  8 worker ants
  A hound skeleton (D:8)
  A worker ant zombie (D:6)
  7 adders
  8 gnolls
  3 adder skeletons
  3 dart slugs (D:1)
  5 worms (D:3)
  2 leopard geckos
  118 orcs
  3 giant cockroaches
  7 goblins
  9 hobgoblins
  6 jackals (D:3)
  8 quokkas
  9 bats
  2 frilled lizards
  A jackal skeleton (D:6)
  15 kobolds
  2 quokka skeletons (D:4)
  13 rats
457 creatures vanquished.

Vanquished Creatures (others)
  An ugly thing (D:12)
  A two-headed ogre (Orc:2)
  A wraith (Orc:2)
  2 yaks
  6 orc warriors
  2 bullfrogs
  An orc wizard (Orc:2)
  2 orc priests (Orc:2)
  5 orcs
21 creatures vanquished.

Grand Total: 478 creatures vanquished

Notes
Turn   | Place    | Note
-------+----------+-------------------------------------------
     0 | D:1      | Kosschaser the Vine Stalker Assassin began the quest for the Orb.
     0 | D:1      | Reached XP level 1. HP: 11/11 MP: 2/2
   166 | D:1      | Reached skill level 5 in Stealth
   382 | D:1      | Reached XP level 2. HP: 7/15 MP: 3/3
   903 | D:1      | Reached XP level 3. HP: 14/18 MP: 4/4
  1018 | D:2      | Reached skill level 1 in Dodging
  1169 | D:2      | Found a stormy altar of Qazlal.
  1212 | D:2      | Reached skill level 6 in Stealth
  1585 | D:3      | Gained mutation: Your natural rate of healing is unusually fast. [Vine Stalker growth]
  1585 | D:3      | Reached XP level 4. HP: 22/23 MP: 5/5
  1915 | D:3      | Reached XP level 5. HP: 26/26 MP: 6/6
  2202 | D:3      | Reached skill level 7 in Stealth
  3003 | D:4      | Reached XP level 6. HP: 32/32 MP: 7/7
  3219 | D:5      | Entered Level 5 of the Dungeon
  3261 | D:5      | Reached skill level 8 in Stealth
  3273 | D:5      | Noticed a phantom
  3278 | D:5      | Killed a phantom
  3361 | D:5      | Reached XP level 7. HP: 35/35 MP: 8/8
  3546 | D:5      | Found a staircase to the Ecumenical Temple.
  3552 | Temple   | Entered the Ecumenical Temple
  3654 | Temple   | Became a worshipper of Dithmenos the Shadowed
  3804 | D:5      | Found a runed door.
  3808 | D:5      | Noticed Crazy Yiuf
  3812 | D:5      | Killed Crazy Yiuf
  3969 | D:6      | Reached skill level 9 in Stealth
  4023 | D:6      | Noticed Edmund
  4068 | D:6      | HP: 1/35 [water moccasin skeleton (4)]
  4168 | D:6      | Killed Edmund
  4267 | D:6      | Gained mutation: You have razor-sharp teeth. [Vine Stalker growth]
  4267 | D:6      | Reached XP level 8. HP: 18/40 MP: 9/9
  4274 | D:6      | Gained mutation: You have sharp toenails. [mutagenic meat]
  4300 | D:6      | Reached skill level 10 in Stealth
  4374 | D:6      | Noticed Eustachio
  4382 | D:6      | Killed Eustachio
  4544 | D:6      | Reached skill level 11 in Stealth
  4742 | D:7      | Reached * piety under Dithmenos
  4971 | D:7      | Found a hazy altar of Hepliaklqana.
  5039 | D:7      | Found a shattered altar of Ashenzari.
  5278 | D:8      | Reached XP level 9. HP: 45/45 MP: 10/10
  5304 | D:8      | Reached skill level 5 in Short Blades
  5379 | D:8      | Learned a level 2 spell: Ensorcelled Hibernation
  5383 | D:8      | Learned a level 3 spell: Confuse
  5392 | D:8      | Noticed tof's ghost (novice DDEE)
  5868 | D:8      | Found Ziremedu's Gadget Shop.
  5876 | D:8      | Reached skill level 1 in Spellcasting
  6012 | D:9      | Reached skill level 12 in Stealth
  6012 | D:9      | Reached skill level 1 in Hexes
  6033 | D:9      | Reached skill level 1 in Ice Magic
  6286 | D:9      | HP: 1/45 [wyvern (7)]
  6725 | D:8      | Found a sparkling altar of Nemelex Xobeh.
  6905 | D:9      | Noticed a troll
  6922 | D:9      | Reached ** piety under Dithmenos
  7020 | D:9      | Killed a troll
  7020 | D:9      | Reached XP level 10. HP: 49/49 MP: 8/14
  7259 | D:9      | Reached skill level 13 in Stealth
  7522 | D:10     | Entered Level 10 of the Dungeon
  7523 | D:10     | Found an opulent altar of Gozag.
  7528 | D:10     | Found a deep blue altar of Sif Muna.
  7715 | D:10     | Noticed Sonja
  7722 | D:10     | Killed Sonja
  7809 | D:10     | Found a staircase to the Lair.
  7810 | D:10     | Noticed a spiny frog
  7822 | D:10     | Killed a spiny frog
  7891 | D:10     | Noticed Fannar
  7956 | D:10     | Found a flagged portal.
  8004 | Bailey   | Entered a bailey
  8282 | Bailey   | Reached skill level 14 in Stealth
  8326 | Bailey   | Noticed an orc knight
  8452 | Bailey   | Killed an orc knight
  8453 | Bailey   | Reached XP level 11. HP: 54/54 MP: 17/17
  8755 | D:10     | Reached skill level 15 in Stealth
  8799 | D:10     | Identified a scroll of acquirement
  8804 | D:10     | Got a brightly glowing plate armour
  8830 | Lair:1   | Entered Level 1 of the Lair of Beasts
  8841 | Lair:1   | Identified the +2 plate armour of the Okapi {rCorr} (You acquired it on level 10 of the Dungeon)
 10004 | D:11     | Noticed a hill giant
 10007 | D:11     | Killed a hill giant
 10022 | D:11     | Noticed a manticore
 10028 | D:11     | Killed a manticore
 10095 | D:11     | Found a staircase to the Orcish Mines.
 10096 | D:11     | Found Qoux's Weapon Shoppe.
 10112 | D:11     | Noticed a hill giant
 10188 | D:11     | Reached skill level 16 in Stealth
 10205 | D:11     | Reached *** piety under Dithmenos
 10661 | D:11     | Killed a hill giant
 11060 | D:12     | Reached skill level 5 in Hexes
 11108 | D:12     | Reached skill level 5 in Spellcasting
 11130 | D:12     | Noticed a hill giant
 11133 | D:12     | Noticed a manticore
 11137 | D:12     | Killed a hill giant
 11137 | D:12     | Gained mutation: You heal very quickly. [Vine Stalker growth]
 11137 | D:12     | Reached XP level 12. HP: 59/59 MP: 20/20
 11453 | D:12     | Reached skill level 1 in Armour
 11583 | D:12     | Reached **** piety under Dithmenos
 11591 | D:12     | Reached skill level 5 in Fighting
 11700 | D:12     | Found a blossoming altar of Fedhas.
 11781 | Orc:1    | Entered Level 1 of the Orcish Mines
 12018 | Orc:1    | Found Atwutogi's Magic Scroll Boutique.
 12027 | Orc:1    | Bought a scroll of identify for 32 gold pieces
 12027 | Orc:1    | Bought a scroll of identify for 32 gold pieces
 12027 | Orc:1    | Bought a scroll of identify for 32 gold pieces
 12027 | Orc:1    | Bought a scroll of acquirement for 832 gold pieces
 12027 | Orc:1    | Bought a scroll of identify for 32 gold pieces
 12046 | Orc:1    | Got a warped glass ring
 12048 | Orc:1    | Identified the ring of Mutualism {rCorr *Contam +Blink rElec MP+9} (You acquired it on level 1 of the Orcish Mines)
 12103 | Orc:2    | Entered Level 2 of the Orcish Mines
 12170 | Orc:2    | Reached skill level 17 in Stealth
 12355 | Orc:2    | Reached skill level 5 in Dodging
 12537 | Orc:2    | Reached ***** piety under Dithmenos
 12562 | Orc:2    | Noticed an orc warlord
 12659 | Orc:2    | Noticed Josephine
 12760 | Orc:2    | Killed an orc warlord
 12864 | Orc:2    | Found a roughly hewn altar of Beogh.
 12877 | Orc:2    | Noticed an orc high priest
 12902 | Orc:2    | Found Jamiex's Antique Weapon Shoppe.
 12903 | Orc:2    | Noticed an orc high priest
 13004 | Orc:2    | Killed an orc high priest
 13004 | Orc:2    | Reached skill level 5 in Ice Magic
 13055 | Orc:2    | Killed Josephine
 13242 | Orc:2    | Found Wecserch's Magic Scroll Boutique.
 13242 | Orc:2    | Noticed an orc warlord
 13244 | Orc:2    | Killed an orc warlord
 13244 | Orc:2    | Reached XP level 13. HP: 64/64 MP: 23/23
 13250 | Orc:2    | Bought a scroll of summoning for 133 gold pieces
 13257 | Orc:2    | Found a roughly hewn altar of Beogh.
 13274 | Orc:2    | Paralysed by an orc sorcerer for 7 turns
 13356 | Orc:2    | Reached skill level 18 in Stealth
 13564 | Orc:2    | Found Iboluc's Antique Armour Shop.
 13896 | Orc:2    | Found Buwk's Armour Shop.
 13950 | Orc:2    | HP: 1/64 [sun demon[an orc high priest] (4)]
 13950 | Orc:2    | Demolished by a sun demon

Skill      XL: |  1  2  3  4  5  6  7  8  9 10 11 12 13 |
---------------+----------------------------------------+-----
Stealth        | 5 6 7 8 9 11 12 14 16 17 18 | 18.5
Fighting       | 2 3 4 5 |  5.5
Short Blades   | 2 3 4 6 7 |  7.6
Dodging        | 1 2 3 4 5 |  5.4
Spellcasting   | 2 3 5 6 |  6.7
Hexes          | 2 3 5 6 |  6.8
Ice Magic      | 1 2 3 5 |  5.2
Armour         | 2 3 |  3.1
Throwing       | 2 |  2.0
Invocations    | |  0.2
Evocations     | |  0.1

Action                   |  1- 3 |  4- 6 |  7- 9 | 10-12 | 13-15 || total
-------------------------+-------+-------+-------+-------+-------++-------
Melee: Dagger            |    78 |   184 |    94 |   537 |   106 ||   999
       Bite              |    15 |    49 |    90 |   177 |    29 ||   360
       Rapier            |       |       |   215 |    18 |       ||   233
       Kick              |       |       |    24 |       |       ||    24
       Short sword       |       |       |     1 |    66 |       ||    67
 Fire: Blowgun           |       |     4 |       |       |       ||     4
Throw: Tomahawk          |       |       |       |     2 |     3 ||     5
 Cast: Ensorcelled Hiber |       |       |    29 |   117 |    11 ||   157
       Confuse           |       |       |     4 |    21 |       ||    25
Invok: Shadow Step       |       |       |     1 |     4 |     1 ||     6
 Abil: Evoke Blink       |       |       |       |       |     1 ||     1
Evoke: Fan of gales      |       |       |       |     1 |       ||     1
  Use: Scroll            |       |    10 |     6 |    20 |     2 ||    38
 Stab: Sleeping          |    11 |    13 |    35 |    92 |     9 ||   160
       Distracted        |       |     2 |     3 |     6 |     5 ||    16
       Confused          |       |       |     1 |     7 |       ||     8
       Fleeing           |       |       |       |     1 |       ||     1
  Eat: Chunk             |     2 |     5 |    17 |    27 |     3 ||    54
       Royal jelly       |       |       |     1 |     1 |       ||     2
       Pizza             |       |       |       |     2 |       ||     2
Armor: Robe              |    23 |    26 |    98 |    44 |       ||   191
       Troll leather arm |       |       |       |    66 |    19 ||    85
Dodge: Dodged            |    49 |    80 |   259 |   440 |    59 ||   887
